Map: Triton LE

Players

Parathix - Winner!

  • Race: Zerg Zerg
  • League: Master
  • Spawn Location: 11:00

Mez

  • Race: Terran Terran
  • League: Master
  • Spawn Location: 5:00

VOD

Have the link to the VOD?

Description

Time

  • Played on: Aug. 22, 2019, 10:22 a.m.
  • Length: 19:45
Show
View Real Time Build Order
Export as new Build Order

Parathix Zerg - Winner!

Build Orders: Pool First, Roach Hydra 

Get SALT Encoding   

  12  0:00  Drone  
  13  0:13  Overlord  
  13  0:16  Drone  
  14  0:31  Drone x2  
  14  0:35  Drone  
  17  0:44  Spawning Pool  
  16  0:51  Overlord  
  16  0:57  Drone  
  17  1:17  Hatchery  
  16  1:31  Zergling x6, Queen  
  21  1:39  Extractor  
  20  1:42  Drone  
  21  1:57  Drone  
  22  2:08  Drone  
  23  2:10  Queen  
  23  2:15  Overlord  
  25  2:27  Drone  
  26  2:30  Drone  
  26  2:33  Queen  
  28  2:45  Drone  
  28  2:46  Drone x2  
  30  2:52  Drone x3  
  32  2:58  Metabolic Boost  
  32  3:08  Hatchery  
  32  3:10  Drone  
  32  3:23  Drone x5  
  37  3:29  Drone  
  37  3:31  Roach Warren, Drone  
  38  3:41  Drone x3  
  41  3:57  Overlord, Drone x3  
  41  3:58  Overlord x3  
  46  4:17  Roach x7  
  58  4:29  Overlord x2  
  55  4:43  Drone  
  55  4:44  Drone x6  
  60  4:51  Queen  
  60  4:59  Lair  
  60  5:00  Queen  
  62  5:10  Evolution Chamber x2  
  62  5:13  Drone x10  
  70  5:24  Extractor  
  70  5:25  Extractor  
  68  5:32  Drone  
  68  5:34  Overlord  
  69  5:37  Overlord  
  69  5:50  Zergling x2, Roach x4  
  69  5:51  Zergling x8  
  82  6:02  Drone x8  
  90  6:13  Overlord x2  
  90  6:14  Overlord x2  
  90  6:20  Glial Reconstitution  
  90  6:21  Roach x3  
  90  6:23  Overlord  
  96  6:28  Zerg Missile Weapons Level 1  
  96  6:30  Overlord x2  
  96  6:35  Overlord  
  98  6:47  Roach x7  
  98  6:52  Ravager  
  104  7:07  Hatchery  
  103  7:10  Ravager, Zergling x14  
  103  7:11  Zergling x10  
  116  7:16  Extractor  
  115  7:26  Zergling x2  
  115  7:28  Zergling x4  
  115  7:29  Zergling x2  
  119  7:32  Drone  
  119  7:33  Drone x2  
  119  7:35  Zerg Ground Armor Level 1  
  120  7:55  Overlord x3  
  120  7:56  Overlord  
  120  7:57  Roach x9  
  136  8:00  Extractor  
  136  8:02  Overlord  
  136  8:03  Overlord x2, Extractor  
  134  8:12  Hydralisk Den  
  133  8:18  Drone x9  
  141  8:27  Drone x3  
  141  8:30  Queen  
  146  8:40  Drone x8  
  154  8:45  Grooved Spines  
  154  8:46  Zerg Missile Weapons Level 2  
  154  8:56  Hydralisk x3  
  154  8:57  Hydralisk x5  
  170  9:04  Spore Crawler  
  169  9:14  Overlord x3  
  169  9:18  Hydralisk  
  169  9:19  Hydralisk x6  
  169  9:21  Overlord  
  183  9:32  Hydralisk x3, Extractor  
  183  9:33  Extractor  
  187  9:45  Roach x6  
  199  9:57  Muscular Augments  
  188  10:13  Drone x4  
  191  10:19  Infestation Pit  
  190  10:36  Overlord x3  
  190  10:37  Hydralisk x5  
  200  10:43  Zerg Ground Armor Level 2  
  196  11:04  Hatchery  
  196  11:06  Hydralisk x3  
  196  11:10  Hive  
  183  11:32  Queen  
  183  11:33  Drone  
  183  11:34  Drone x14  
  153  11:48  Drone  
  153  11:49  Drone x3  
  136  11:56  Hydralisk x5  
  136  11:57  Hydralisk x4  
  136  12:00  Queen  
  143  12:12  Roach x7  
  143  12:13  Ravager  
  143  12:14  Ravager x4  
  162  12:17  Queen  
  162  12:18  Queen x2  
  162  12:19  Drone  
  169  12:27  Spore Crawler  
  159  12:34  Roach x13  
  159  12:36  Queen  
  171  12:38  Zerg Missile Weapons Level 3  
  171  12:39  Roach x2  
  175  12:45  Ravager  
  175  12:46  Ravager x6  
  175  12:47  Zergling x6  
  189  12:51  Roach x2  
  189  12:57  Roach x3  
  173  13:05  Zergling x2  
  173  13:06  Zergling x14  
  155  13:19  Roach x8  
  157  13:21  Drone  
  157  13:22  Drone x2  
  160  13:29  Adrenal Glands  
  160  13:54  Zerg Ground Armor Level 3  
  160  13:56  Zergling x36  
  160  13:59  Ravager x3  
  160  14:00  Ravager x11  
  192  14:05  Drone  
  192  14:07  Drone  
  192  14:08  Drone  
  192  14:09  Drone  
  190  14:22  Spore Crawler  
  190  14:23  Spore Crawler  
  187  14:24  Spore Crawler  
  186  14:36  Ultralisk Cavern  
  186  14:37  Spire  
  186  14:38  Roach, Drone x2  
  186  14:39  Roach x5  
  198  14:52  Hydralisk x3  
  160  14:53  Hydralisk x5  
  169  15:13  Viper, Roach  
  166  15:14  Zergling x8  
  166  15:15  Zergling x32  
  173  15:41  Roach x14  
  171  15:53  Hydralisk  
  171  15:54  Hydralisk x5  
  183  16:09  Chitinous Plating  
  177  16:22  Roach  
  177  16:23  Roach x11  
  200  16:41  Zerg Melee Weapons Level 1  
  200  16:56  Hatchery  
  128  17:09  Hydralisk x11  
  128  17:10  Hydralisk, Zergling x2  
  128  17:15  Queen  
  159  17:27  Ravager x3  
  159  17:28  Ravager x3  
  159  17:29  Ultralisk  
  171  17:30  Ultralisk  
  171  17:48  Drone x14  
  171  17:49  Drone  
  186  18:01  Hatchery  
  170  18:27  Ultralisk  
  170  18:28  Ultralisk  
  174  18:35  Zergling x12  
  139  19:03  Drone x13  
  139  19:06  Ravager x5  
  139  19:07  Ravager  
  158  19:18  Extractor x2  
  158  19:27  Extractor  
  158  19:29  Extractor  
  141  19:41  Hatchery  
Show
View Real Time Build Order
Export as new Build Order

Mez Terran 

Build Orders: Reaper Expand 

Get SALT Encoding   

  12  0:00  SCV  
  13  0:12  SCV  
  14  0:19  Supply Depot  
  14  0:25  SCV  
  15  0:40  SCV  
  15  0:42  Barracks  
  16  0:45  Refinery  
  16  0:52  SCV  
  17  1:05  SCV  
  18  1:17  SCV  
  19  1:30  Orbital Command, Reaper  
  20  1:41  Command Center  
  20  1:50  Supply Depot  
  20  1:56  SCV  
  21  2:01  Marine  
  22  2:11  SCV  
  23  2:16  Factory  
  23  2:17  Refinery  
  23  2:23  Barracks Reactor  
  23  2:25  SCV  
  22  2:50  SCV  
  21  3:03  SCV  
  22  3:13  Starport  
  22  3:14  Hellion  
  22  3:15  Hellion, Barracks Tech Lab  
  22  3:16  SCV  
  27  3:26  Orbital Command  
  27  3:31  SCV  
  28  3:37  Stimpack  
  28  3:38  Supply Depot  
  28  3:39  Hellion x2  
  32  3:43  SCV  
  33  3:51  Viking  
  33  3:55  SCV x2  
  37  4:00  Bunker  
  37  4:01  Marine  
  38  4:07  SCV x2  
  40  4:15  Supply Depot  
  40  4:19  SCV x2  
  42  4:31  SCV x2  
  42  4:43  SCV  
  42  4:44  SCV  
  41  4:52  Factory Reactor  
  37  4:56  Marauder  
  37  4:57  Barracks, Starport Reactor  
  37  4:59  Barracks, Supply Depot  
  39  5:01  SCV x2  
  39  5:05  Engineering Bay  
  39  5:06  Engineering Bay  
  41  5:13  SCV x2  
  43  5:19  Refinery  
  43  5:21  Marine, Refinery  
  43  5:23  Combat Shield  
  43  5:25  SCV x2  
  46  5:35  Medivac x2  
  50  5:37  Factory Tech Lab, SCV  
  50  5:38  SCV  
  50  5:39  Marine  
  53  5:47  Marine x2  
  56  5:50  SCV x2  
  56  5:53  Marine  
  56  5:55  Marine  
  56  5:56  Command Center  
  59  6:02  SCV x2  
  61  6:05  Marine x3  
  61  6:09  Siege Tank  
  67  6:11  Marine  
  67  6:14  SCV  
  67  6:16  Marine  
  70  6:20  Terran Infantry Weapons Level 1  
  70  6:25  Supply Depot x2  
  70  6:33  Terran Infantry Armor Level 1  
  70  6:35  Supply Depot  
  70  6:36  Supply Depot  
  70  6:46  Marine x5, Siege Tank  
  78  6:48  SCV x2  
  78  6:51  Supply Depot  
  78  6:52  Supply Depot  
  80  7:04  Marine x2  
  80  7:06  Marine x3  
  85  7:10  SCV x2  
  85  7:12  Barracks  
  85  7:13  Barracks, Armory  
  87  7:22  Marine  
  88  7:23  Marine x2  
  88  7:24  Siege Tank  
  88  7:26  Concussive Shells  
  88  7:29  Orbital Command  
  93  7:30  SCV  
  93  7:31  SCV  
  95  7:39  Marine x3  
  95  7:41  Marine, Medivac x2  
  95  7:53  Marine, Liberator  
  95  7:54  Liberator, Refinery  
  95  7:57  Marine  
  96  8:03  Marine x2  
  96  8:05  Barracks Reactor x2  
  98  8:10  SCV x3  
  107  8:22  SCV x3  
  110  8:28  Command Center  
  110  8:31  Marine x2  
  110  8:32  Marine x3  
  115  8:34  SCV  
  115  8:37  SCV x2  
  118  8:42  Liberator x2  
  118  8:43  Siege Tank  
  118  8:46  SCV  
  122  8:50  Refinery  
  128  9:04  SCV  
  128  9:05  SCV x2  
  131  9:17  SCV  
  130  9:19  Marine x3  
  133  9:26  Factory  
  133  9:27  Supply Depot  
  133  9:28  Terran Infantry Armor Level 2, Supply Depot, Terran Infantry Weapons Level 2  
  133  9:29  Supply Depot  
  133  9:30  Marine x6, Siege Tank  
  142  9:37  Marine x2  
  144  9:41  Medivac  
  144  9:42  Medivac  
  141  10:07  Marine  
  141  10:08  Marine x8  
  149  10:21  Terran Vehicle Weapons Level 1  
  149  10:25  Marine  
  150  10:36  SCV x2  
  150  10:37  Marine x3, SCV  
  150  10:38  Marine x5  
  150  10:42  Factory Tech Lab, Siege Tank, Barracks  
  164  10:43  Marine  
  164  10:44  Barracks  
  164  10:45  Barracks  
  164  10:48  SCV  
  147  11:12  Marine, Siege Tank, Medivac x2  
  147  11:13  Marine x8  
  147  11:14  Siege Tank  
  160  11:30  Marine x2  
  160  11:31  Marine x2  
  155  11:34  Command Center  
  139  11:42  Marine  
  139  11:43  Marine x7  
  139  11:45  Siege Tank  
  139  11:46  Siege Tank  
  126  11:48  Marine x4  
  126  11:50  SCV x3  
  116  12:00  Marine  
  116  12:01  Marine x6  
  119  12:02  SCV  
  119  12:03  Command Center, SCV x2  
  119  12:05  Command Center  
  120  12:17  Siege Tank  
  120  12:18  Marine, Siege Tank  
  120  12:21  SCV x3  
  130  12:29  Liberator x2  
  125  12:35  Marine x6  
  129  12:38  Barracks Tech Lab  
  129  12:39  Barracks Reactor, Barracks Tech Lab  
  123  12:49  Siege Tank  
  123  12:50  Siege Tank  
  132  13:04  Marine  
  132  13:05  Marine x10  
  115  13:19  Marine  
  99  13:21  Siege Tank  
  99  13:22  Marine x5, Siege Tank  
  99  13:23  Marine  
  108  13:36  Liberator  
  108  13:47  Marine x10  
  118  13:49  Marauder x2  
  118  13:53  Siege Tank  
  128  13:58  Planetary Fortress  
  122  14:19  Siege Tank  
  122  14:20  Marine x8, Sensor Tower  
  122  14:21  Marauder  
  135  14:27  Planetary Fortress  
  135  14:29  SCV  
  139  14:38  Siege Tank  
  139  14:51  Siege Tank  
  139  14:52  Marine x13  
  125  14:57  Medivac x2  
  125  14:59  SCV  
  140  15:00  SCV  
  141  15:10  Siege Tank  
  143  15:14  SCV x4  
  147  15:34  Marine x13  
  134  15:49  Liberator  
  134  15:50  Liberator  
  134  15:51  Marine  
  134  15:52  Marine x2  
  134  15:54  Siege Tank x2  
  134  15:55  Marine x2  
  148  16:21  SCV x3  
  152  16:26  Sensor Tower  
  148  16:39  Orbital Command  
  148  16:40  Marine x9  
  148  16:42  Marauder x2  
  148  16:44  Siege Tank  
  164  16:47  Siege Tank  
  163  17:06  Marine  
  163  17:07  Marine x10, Marauder  
  163  17:08  Marauder  
  147  17:09  Orbital Command  
  141  17:16  Liberator x2  
  137  17:25  Marine x3  
  140  17:32  SCV x3  
  140  17:35  Refinery  
  149  17:44  Marine x7  
  143  17:48  SCV x2  
  143  17:50  SCV  
  143  17:51  SCV  
  154  18:00  SCV x2  
  153  18:14  Marine  
  153  18:15  Marine x12  
  153  18:16  Medivac x2  
  145  18:28  Siege Tank  
  145  18:29  Siege Tank  
  145  18:32  Marine x2  
  153  18:39  Marine x2  
  153  18:40  Marine x5  
  160  18:50  Marauder  
  160  18:51  Marauder x2  
  142  18:58  Marine  
  99  19:05  Medivac x2  
  98  19:14  SCV x3  
  101  19:26  SCV x3  
Tags
 
Add a new tag
Caveats
  • Supply blocks, unpowered buildings, or Contaminate may cause inaccurate times.
  • Supply counts are checked every 10 seconds.